Map: Acid Plant LE

Players

fruitcake - Winner!

  • Race: Zerg Zerg
  • Spawn Location: 11:00

A.I. 1 (Harder)

  • Race: Zerg Zerg
  • Spawn Location: 5:00

VOD

Have the link to the VOD?

Description

Time

  • Played on: May 5, 2018, 3:30 p.m.
  • Length: 14:38
Show
View Real Time Build Order
Export as new Build Order

fruitcake Zerg - Winner!

Build Orders: Pool First 

Get SALT Encoding   

  12  0:02  Drone  
  13  0:18  Drone  
  14  0:23  Extractor  
  14  0:24  Drone  
  14  0:30  Overlord  
  14  0:41  Spawning Pool  
  13  0:45  Drone  
  13  0:49  Drone  
  15  0:56  Drone  
  16  1:03  Drone  
  17  1:12  Drone  
  18  1:28  Hatchery  
  17  1:36  Zergling x2  
  17  1:37  Zergling x2  
  19  1:46  Queen  
  21  1:55  Zergling x2  
  21  1:58  Overlord  
  22  2:12  Overlord  
  22  2:18  Drone  
  23  2:32  Roach Warren  
  22  2:37  Queen  
  22  2:40  Drone x2  
  22  2:43  Drone  
  27  2:54  Drone  
  28  3:03  Drone, Extractor  
  28  3:06  Zergling x4  
  30  3:17  Roach x2  
  34  3:34  Roach  
  34  3:35  Roach x4  
  44  3:48  Overlord  
  44  3:49  Overlord  
  43  4:06  Drone x2  
  45  4:13  Roach x3  
  45  4:14  Roach  
  53  4:26  Roach  
  53  4:27  Roach x2  
  59  4:32  Overlord  
  59  4:33  Overlord  
  59  4:53  Evolution Chamber  
  59  4:55  Roach  
  59  4:56  Roach x3  
  66  5:02  Overlord  
  66  5:04  Roach  
  68  5:08  Roach  
  70  5:24  Roach x3  
  70  5:27  Drone x2  
  78  5:30  Drone  
  79  5:45  Drone  
  80  5:56  Roach  
  82  5:58  Overlord x2  
  82  6:11  Extractor  
  82  6:12  Drone  
  82  6:13  Drone  
  82  6:15  Overlord x2  
  85  6:18  Roach x2  
  85  6:19  Roach x2  
  91  6:41  Zerg Missile Weapons Level 1  
  91  6:44  Roach x2  
  91  6:45  Roach  
  97  6:47  Zergling x8  
  97  6:48  Zergling x2  
  102  7:03  Extractor  
  102  7:06  Roach x3  
  107  7:11  Roach  
  109  7:21  Drone  
  110  7:29  Roach x2  
  114  7:30  Overlord  
  114  7:31  Overlord  
  114  7:41  Drone  
  115  7:49  Drone x2  
  117  7:51  Drone  
  117  7:52  Drone x2  
  117  7:55  Roach  
  122  8:00  Roach  
  122  8:04  Roach  
  126  8:17  Roach x2  
  126  8:19  Overlord  
  130  8:23  Overlord  
  130  8:41  Roach x2  
  130  8:42  Roach x3  
  130  8:45  Roach  
  142  8:55  Roach x2  
  146  8:59  Overlord  
  139  9:13  Roach x3  
  139  9:14  Roach  
  130  9:26  Roach x3  
  130  9:27  Roach  
  134  9:39  Roach x2  
  134  9:40  Roach  
  138  9:58  Roach x4  
  144  10:01  Roach  
  132  10:50  Lair  
  116  11:49  Drone x3  
  119  12:12  Hydralisk Den  
  118  12:24  Spire  
  117  12:31  Drone x2  
  117  12:32  Drone  
  117  12:35  Overlord  
  117  12:36  Hatchery, Overlord x3  
  119  12:38  Overlord  
  119  12:47  Hydralisk x4  
  119  12:48  Hydralisk x7  
  119  12:49  Hydralisk x2  
  145  13:16  Roach x2  
  145  13:17  Roach x8  
  165  13:32  Roach x2  
  169  13:39  Mutalisk  
  171  13:54  Mutalisk x3, Hydralisk  
  171  13:55  Mutalisk x2, Hydralisk x2  
  193  14:19  Overlord x2  
Show
View Real Time Build Order
Export as new Build Order

A.I. 1 (Harder) Zerg 

Build Orders: Hatch First 

Get SALT Encoding   

  12  0:00  Drone  
  13  0:12  Overlord  
  13  0:17  Drone  
  14  0:30  Drone x2  
  14  0:34  Drone  
  17  0:53  Hatchery  
  17  0:55  Drone  
  17  1:12  Drone, Spawning Pool  
  17  1:16  Drone  
  17  1:18  Extractor  
  17  1:21  Drone  
  18  1:28  Overlord  
  18  1:38  Drone  
  19  1:59  Zergling x4, Queen  
  23  2:02  Roach Warren  
  23  2:05  Drone  
  23  2:06  Extractor  
  22  2:10  Drone  
  23  2:22  Drone  
  24  2:29  Lair  
  24  2:43  Roach  
  26  2:48  Extractor  
  26  2:50  Drone  
  26  2:58  Drone, Extractor  
  26  3:10  Drone  
  27  3:14  Drone, Overlord  
  27  3:17  Roach  
  30  3:26  Drone  
  31  3:28  Roach  
  31  3:29  Drone  
  31  3:30  Hydralisk Den  
  31  3:33  Drone  
  34  3:37  Drone  
  34  3:39  Drone  
  36  3:46  Overlord  
  36  3:49  Drone  
  36  3:53  Drone  
  38  3:56  Drone  
  38  4:00  Drone  
  38  4:01  Hydralisk  
  42  4:12  Roach  
  42  4:16  Overlord  
  44  4:23  Roach  
  46  4:34  Roach  
  48  4:43  Overlord  
  48  4:44  Hydralisk  
  50  4:47  Drone  
  50  4:49  Drone  
  53  4:52  Drone  
  53  4:54  Drone  
  53  4:55  Hydralisk  
  53  4:58  Drone  
  57  5:01  Drone  
  57  5:05  Drone  
  59  5:07  Infestation Pit  
  59  5:12  Drone  
  59  5:17  Overlord  
  59  5:20  Drone  
  60  5:22  Drone  
  60  5:24  Drone  
  60  5:26  Drone  
  63  5:32  Drone  
  63  5:33  Drone  
  65  5:39  Evolution Chamber  
  64  5:44  Drone x2  
  64  5:45  Infestor  
  64  5:46  Overlord  
  68  5:54  Drone  
  68  5:56  Drone  
  70  6:05  Drone, Burrow, Zerg Missile Weapons Level 1  
  70  6:06  Drone  
  72  6:16  Roach, Drone, Overlord  
  76  6:18  Drone  
  76  6:19  Drone  
  77  6:26  Drone  
  77  6:28  Drone  
  79  6:37  Roach  
  79  6:39  Overlord  
  81  6:48  Roach  
  83  6:59  Baneling Nest, Roach, Overlord  
  84  7:03  Spore Crawler  
  84  7:04  Drone  
  84  7:05  Spore Crawler  
  84  7:06  Drone  
  84  7:10  Roach  
  84  7:11  Spore Crawler  
  84  7:12  Spore Crawler, Drone  
  84  7:14  Overseer  
  84  7:15  Drone  
  86  7:19  Overlord  
  86  7:20  Hydralisk  
  86  7:21  Queen  
  90  7:25  Queen  
  92  7:30  Hydralisk, Spine Crawler  
  92  7:33  Drone, Spine Crawler  
  93  7:38  Drone, Spine Crawler  
  93  7:41  Hydralisk  
  93  7:42  Overseer  
  95  7:44  Spine Crawler  
  95  7:45  Drone  
  95  7:50  Drone, Spire  
  95  7:52  Infestor  
  95  7:56  Evolution Chamber  
  95  7:57  Drone  
  97  7:59  Zerg Ground Armor Level 1  
  97  8:03  Infestor  
  99  8:14  Roach  
  101  8:21  Zerg Melee Weapons Level 1  
  101  8:57  Overlord  
  101  8:58  Pneumatized Carapace  
  101  8:59  Lurker Den  
  103  9:04  Swarm Host  
  103  9:05  Overseer, Hive  
  103  9:07  Hatchery  
  100  9:12  Zergling x2  
  100  9:14  Zergling x6, Hydralisk  
  100  9:15  Zergling x4  
  83  9:17  Roach  
  83  9:19  Roach  
  83  9:22  Roach  
  79  9:28  Roach  
  79  9:30  Roach  
  77  9:31  Roach  
  77  9:32  Roach  
  77  9:33  Zergling x4  
  77  9:34  Zergling x2  
  77  9:37  Zergling x2  
  77  9:38  Mutalisk, Zergling x4  
  74  9:40  Queen  
  74  9:45  Roach  
  78  9:46  Drone  
  78  9:49  Roach  
  73  9:54  Zergling x2  
  73  9:55  Zergling x2  
  73  9:58  Zergling x2  
  73  9:59  Drone x2  
  67  10:00  Zergling x2  
  67  10:05  Zergling x2  
  67  10:10  Drone  
  67  10:11  Zergling x2, Drone x7  
  67  10:13  Drone  
  59  10:16  Zergling x2  
  59  10:18  Roach, Zergling x2, Viper  
  59  10:19  Zerg Melee Weapons Level 2, Zergling x2  
  54  10:24  Zergling x2  
  54  10:27  Zergling x2  
  36  10:29  Drone  
  36  10:33  Drone, Queen  
  36  10:34  Lair  
  36  10:35  Drone  
  31  10:40  Roach, Drone  
  31  10:41  Hydralisk  
  26  10:48  Hydralisk  
  23  10:55  Hydralisk  
  22  10:57  Queen  
  22  10:58  Drone  
  23  11:05  Drone x2, Hydralisk  
  17  11:26  Spawning Pool  
  15  11:41  Drone  
  16  12:13  Zergling x2  
  17  12:17  Drone  
  18  12:58  Hatchery  
  17  13:14  Drone  
  18  13:21  Unknown  
  18  14:05  Drone  
  19  14:10  Hatchery  
  19  14:15  Drone  
  18  14:24  Drone  
Tags
 
Add a new tag
Caveats
  • Supply blocks, unpowered buildings, or Contaminate may cause inaccurate times.
  • Supply counts are checked every 10 seconds.